 Dungeon Crawl Stone Soup version 0.30-a0-462-gd5975efbca (webtiles) character file.

Game seed: 8376051308481284649

42 Mitcholas the Chopper (level 3, -3/31 HPs)
             Began as a Hill Orc Monk on Dec 16, 2022.
             Slain by a worm (8 damage)
             ... on level 2 of the Dungeon.
             The game lasted 00:01:39 (923 turns).

Mitcholas the Chopper (Hill Orc Monk)                Turns: 923, Time: 00:01:39

Health: -3/31      AC:  3    Str: 15    XL:     3   Next: 56%
Magic:  3/3        EV: 12    Int: 10    God:
Gold:   57         SH:  0    Dex: 13    Spells: 2/2 levels left

rFire   . . .      SeeInvis .    a - +0 hand axe
rCold   . . .      Faith    .    (no shield)
rNeg    . . .      Spirit   .    d - +0 leather armour
rPois   .          Reflect  .    (no helmet)
rElec   .          Harm     .    (no cloak)
rCorr   .          Rampage  .    (no gloves)
Will    .....                    (no boots)
Stlth   ++........               (no amulet)
HPRegen 0.25/turn                (no ring)
MPRegen 0.08/turn                (no ring)

@: no status effects
A: no striking features
a: no special abilities


You were on level 2 of the Dungeon.
You visited 1 branch of the dungeon, and saw 2 of its levels.

You collected 57 gold pieces.

Inventory:

Hand Weapons
 a - a +0 hand axe (weapon)
Armour
 d - a +0 leather armour (worn)
Scrolls
 b - 2 scrolls of immolation {unknown}
 f - 2 scrolls of blinking {unknown}
 g - a scroll of magic mapping {unknown}
Potions
 c - a potion of ambrosia
 e - a potion of heal wounds {unknown}


   Skills:
 - Level 3.6 Fighting
 + Level 6.0 Axes
 - Level 2.4 Dodging
 - Level 1.5 Stealth


You had 2 spell levels left.
You didn't know any spells.
Your spell library was empty.

Dungeon Overview and Level Annotations

Branches:
Dungeon (2/15)

Altars:


Message History

The orc closely misses you.
You hit the orc.
You kill the orc!
You hit the orc but do no damage. The orc closely misses you.
You barely miss the orc. The orc hits you with a +0 whip.
Unknown command.
You closely miss the orc. The orc barely misses you.
You slash the orc!
The orc is almost dead.
The orc hits you with a +0 whip.
You hit the orc.
You kill the orc!
Your Axes skill increases to level 6!
You hit the worm but do no damage.
A goblin comes into view. It is wielding a +0 club.
You barely miss the worm.
The goblin shouts!
The worm misses you.
You barely miss the worm. The worm bites you!
You are too injured to fight recklessly!
You are too injured to fight recklessly!
You are too injured to fight recklessly!
You are too injured to fight recklessly!
Unknown command.
You barely miss the worm.
Unknown command.
You barely miss the worm. The worm bites you!
* * * LOW HITPOINT WARNING * * *
Unknown command.
You hit the worm.
The worm is lightly wounded.
Unknown command.
You barely miss the worm.
The worm is lightly wounded.
The worm barely misses you.
Unknown command.
You hit the worm.
The worm is heavily wounded.
The worm bites you!
You die...

#.#.##..########..
#...#†...#....#...
#..##....#....#.†.
#..##'####)#####..
#..#..........##..
#..#..........#...
.##
#..#####..##..'...
..oo# #...#
###########
w.....#@#.#####
#.gw).......
##.o....####
#....#.# ....#...#
####. .... ..
..#.# #. #.#.. ..
.. ..


You could see a worm, an orc and a goblin.

Vanquished Creatures
  An adder (D:2)
  A dart slug (D:2)
  3 orcs (D:2)
  2 ball pythons
  2 bats (D:2)
  An endoplasm (D:1)
  3 giant cockroaches
  3 goblins (D:1)
  2 hobgoblins
  2 kobolds (D:2)
  3 quokkas
23 creatures vanquished.

Notes
Turn   | Place    | Note
-------+----------+-------------------------------------------
     0 | D:1      | Mitcholas the Hill Orc Monk began the quest for the Orb.
     0 | D:1      | Reached XP level 1. HP: 19/19 MP: 1/1
   229 | D:1      | Reached XP level 2. HP: 26/26 MP: 2/2
   444 | D:1      | Reached skill level 5 in Axes
   716 | D:2      | Reached XP level 3. HP: 20/31 MP: 3/3
   916 | D:2      | Reached skill level 6 in Axes
   923 | D:2      | Slain by a worm

Illustrated notes

Levels and vault maps discovered:
D:1:      minmay_arrival_five_plusses, layout_basic
D:2:      minmay_chambers_of_twos, layout_basic, shapermc_ecumenical_altar_venn,
          uniq_crazy_yiuf_cottage

Skill      XL: |  1  2  3 |
---------------+----------+-----
Axes           | 5 6 |  6.0
Fighting       | |  3.6
Dodging        | |  2.4
Stealth        | |  1.5

Action                   || total
-------------------------++-------
Melee: Hand axe          ||    82
 Stab: Sleeping          ||     2
Armor: Leather armour    ||    12
Dodge: Dodged            ||    45

Table legend: (Time is in decaauts)
 A = Elapsed time spent in this place.
 B = Non-inter-level travel time spent in this place.
 C = Inter-level travel time spent in this place.
 D = Time resting spent in this place.
 E = Time spent auto-exploring this place.
 F = Levels seen in this place.
 G = Mean time per level.
                   A        B        C        D        E       F      G
               +--------+--------+--------+--------+--------+-----+--------+
         Total |    925 |    897 |     28 |     46 |    671 |   2 |  462.5 |
       Dungeon |    925 |    897 |     28 |     46 |    671 |   2 |  462.5 |
               +--------+--------+--------+--------+--------+-----+--------+

Top non-repeatable levels by time:
     D:1: 697 daAuts
     D:2: 228 daAuts
